 Dungeon Crawl Stone Soup version 0.30-b1-6-gad0e9d6a2d (webtiles) character file.

Game seed: 13436107144328043708

19 selen221 the Slasher (level 2, 0/22 HPs)
             Began as a Merfolk Gladiator on May 5, 2023.
             Slain by a goblin
             ... wielding a +0 dagger
              (3 damage)
             ... on level 1 of the Dungeon.
             The game lasted 00:00:55 (223 turns).

selen221 the Slasher (Merfolk Gladiator)             Turns: 223, Time: 00:00:56

Health: 0/22       AC:  4    Str: 14    XL:     2   Next: 75%
Magic:  2/2        EV: 13    Int:  7    God:
Gold:   25         SH:  0    Dex: 15    Spells: 1/1 levels left

rFire   . . .        a - +0 long sword
rCold   . . .        (no shield)
rNeg    . . .        b - +0 leather armour
rPois   .            c - +0 helmet
rElec   .            (no cloak)
rCorr   .            (no gloves)
SInv    .            (no boots)
Will    .....        (no amulet)
Stlth   +            (no ring)
HPRegen 0.23/turn    (no ring)
MPRegen 0.08/turn

%: no passive effects
@: no status effects
A: (nimble swimmer 2), mertail
a: no special abilities


You were on level 1 of the Dungeon.
You visited 1 branch of the dungeon, and saw 1 of its levels.

You collected 25 gold pieces.

Inventory:

Hand Weapons
 a - a +0 long sword (weapon)
Missiles
 d - 3 throwing nets (quivered)
 e - a javelin
Armour
 b - a +0 leather armour (worn)
 c - a +0 helmet (worn)
Scrolls
 f - a scroll of fear {unknown}
 h - a scroll of amnesia {unknown}
Potions
 g - a potion of resistance {unknown}


   Skills:
 - Level 2.1 Fighting
 + Level 4.8 Long Blades
 - Level 2.0 Throwing
 - Level 4.0 Dodging


You had one spell level left.
You didn't know any spells.
Your spell library contained the following spells:

 Spells                   Type           Power      Damage    Failure   Level
 Chain Lightning          Conj/Air       0%         N/A       100%        9
 Fire Storm               Conj/Fire      0%         5d1       100%        9
 Shatter                  Erth           0%         3d5*      100%        9


Dungeon Overview and Level Annotations

Branches:
Dungeon (1/15)

Altars:


Innate Abilities, Weirdness & Mutations

((You are very nimble when in or above water. (Stealth+, EV+, Speed+++)))
Your lower body shifts to a powerful aquatic tail in water.


Message History

The jackal barely misses you. The jackal bites you.
You closely miss the jackal.
The jackal is heavily wounded.
The jackal closely misses you. The jackal bites you.
You closely miss the jackal.
The jackal is heavily wounded.
The jackal closely misses you.
You miss the jackal.
The jackal is heavily wounded.
The jackal bites you.
* * * LOW HITPOINT WARNING * * *
The frilled lizard unfolds its giant frill.
The jackal barely misses you.
You hit the jackal.
You kill the jackal!
The goblin barely misses you.
You closely miss the jackal.
The jackal is heavily wounded.
The jackal closely misses you. The goblin hits you but does no damage.
The jackal bites you.
* * * LOW HITPOINT WARNING * * *
You closely miss the jackal.
The jackal is heavily wounded.
The jackal closely misses you. The goblin hits you with a +0 dagger.
* * * LOW HITPOINT WARNING * * *
The jackal bites you but does no damage.
You slash the jackal!
You kill the jackal!
The goblin hits you but does no damage. The goblin misses you.
The frilled lizard misses you. The goblin attacks as you move away!
The goblin completely misses you. The goblin attacks as you move away!
The goblin misses you. The goblin hits you with a +0 dagger.
* * * LOW HITPOINT WARNING * * *
The goblin attacks as you move away! The goblin hits you but does no damage.
The frilled lizard attacks as you move away!
The frilled lizard barely misses you.
There is a stone staircase leading down here.
The goblin hits you with a +0 dagger.
You die...

##. ##.....####..#)#
.....##......##......#
....hg†...####..##....
.....###†#.....#....#.
... ##.#.#####.##.#. #
###.†..#.....)....
####
#.hl.##..#..####..
#....#lg###..#..## #..
#.....@####.#..## #..
#.....## #....## #.#
#....# #....# #.#
#.... #...## ### #....
#... #... #... #...
#### ###


You could see a jackal, a goblin and 2 frilled lizards.

Vanquished Creatures
  A dart slug (D:1)
  A bat (D:1)
  2 endoplasms (D:1)
  A hobgoblin (D:1)
  6 jackals (D:1)
  2 kobolds (D:1)
  A rat (D:1)
14 creatures vanquished.

Notes
Turn   | Place    | Note
-------+----------+-------------------------------------------
     0 | D:1      | selen221 the Merfolk Gladiator began the quest for the Orb.
     0 | D:1      | Reached XP level 1. HP: 16/16 MP: 1/1
    89 | D:1      | Reached XP level 2. HP: 19/22 MP: 2/2
   223 | D:1      | Slain by a goblin

Illustrated notes

Levels and vault maps discovered:
D:1:      nicolae_arrival_escape_room, layout_rooms, minmay_box_of_dots

Skill      XL: |  1 |
---------------+----+-----
Long Blades    | 4 |  4.8
Fighting       | |  2.1
Throwing       | |  2.0
Dodging        | |  4.0

Action                     || total
---------------------------++-------
  Melee: Long sword        ||    51
         Punch             ||     1
 Armour: Leather armour    ||    25
  Dodge: Dodged            ||    66
